 Dungeon Crawl Stone Soup version 0.23.0-3-gf3c87f2 (webtiles) character file.

Game seed: 5254137723201003254

215479 SeriousVitamin the Eclecticist (level 18, -4/110 HPs)
             Began as a Deep Elf Fire Elementalist on Feb 21, 2019.
             Was the Champion of Vehumet.
             Slain by an alligator snapping turtle (33 damage)
             ... on level 4 of the Shoals.
             The game lasted 03:30:46 (45138 turns).

SeriousVitamin the Eclecticist (DEFE)              Turns: 45138, Time: 03:30:47

Health: -4/110     AC: 35    Str:  9    XL:     18   Next: 33%
Magic:  3/42       EV: 12    Int: 28    God:    Vehumet [******]
Gold:   2774       SH:  8    Dex: 13    Spells: 10/54 levels left

rFire    . . .     SeeInvis .   Y - +8 mace "Besumech" {crush, +Rage MR+ Int+3}
rCold    . . .     Gourm    .   U - +2 buckler
rNeg     + . .     Faith    .   (armour currently unavailable)
rPois    ∞         Spirit   .   o - +2 helmet
rElec    +         Reflect  +   y - +2 cloak {rPois}
rCorr    .         Harm     .   (gloves currently unavailable)
MR       +++..                  (boots currently unavailable)
Stlth    ++........             W - +3 amulet of reflection
HPRegen  0.28/turn              I - ring of wizardry
MPRegen  0.28/turn              K - ring of protection from magic

@: statue-form (expiring), deflect missiles, very slow
A: clumsy 1
}: 1/15 runes: serpentine
a: End Transformation, Renounce Religion, Evoke Berserk Rage


You were on level 4 of the Shoals.
You worshipped Vehumet.
Vehumet was exalted by your worship.
You were not hungry.
You were a stone statue.
You visited 6 branches of the dungeon, and saw 32 of its levels.
You also visited: Gauntlet.

You collected 2948 gold pieces.
You spent 174 gold pieces at shops.

Inventory:

Hand Weapons
 Y - the +8 mace "Besumech" (weapon) {crush, +Rage MR+ Int+3}
   (You found it on level 5 of the Lair of Beasts)

   It inflicts extra damage upon your enemies.
   It affects your intelligence (+3).
   It affects your resistance to hostile enchantments.
   It lets you go berserk.
Armour
 o - a +2 helmet (worn)
 s - a +2 pair of gloves (melded)
 y - a +2 cloak of poison resistance (worn)
 D - the +2 pair of boots of Autumn (melded) {Int+2}
   (You found it on level 7 of the Dungeon)

   It affects your intelligence (+2).
 F - a +2 robe of cold resistance (melded)
 U - a +2 buckler (worn)
 X - a +2 robe of fire resistance
Magical Staves
 Z - an uncursed staff of air
Jewellery
 q - an uncursed ring of see invisible
 z - an uncursed ring of resist corrosion
 C - an uncursed ring of fire
 I - a ring of wizardry (left hand)
 K - a ring of protection from magic (right hand)
 R - the amulet "Gedwoff" {Acrobat rC+ Str+4}
   (You found it on level 2 of the Shoals)

   [amulet of the acrobat]

   It helps you evade while moving and waiting.
   It affects your strength (+4).
   It protects you from cold.
 W - a +3 amulet of reflection (around neck)
Wands
 b - a wand of clouds (8)
 r - a wand of iceblast (14)
 t - a wand of polymorph (30)
 A - a wand of acid (4)
 B - a wand of paralysis (14)
 J - a wand of digging (21)
 O - a wand of enslavement (8)
 T - a wand of disintegration (24)
Scrolls
 a - 2 scrolls of torment
 d - 10 scrolls of fog
 f - 17 scrolls of teleportation
 h - 2 scrolls of identify
 j - 13 scrolls of remove curse
 l - 6 scrolls of magic mapping
 m - 5 scrolls of blinking
 u - 4 scrolls of fear
 v - a scroll of amnesia
 x - 5 scrolls of silence
 N - 3 scrolls of summoning
 V - 2 scrolls of immolation
Potions
 e - 4 potions of invisibility
 g - a potion of ambrosia
 i - 3 potions of flight
 k - 3 potions of heal wounds
 n - 7 potions of curing
 w - a potion of cancellation
 E - 4 potions of brilliance
 G - 2 potions of might
 H - a potion of magic
 P - 4 potions of agility
 S - 2 potions of haste
Miscellaneous
 p - a phantom mirror
 L - a phial of floods
 M - a sack of spiders
 Q - a lightning rod (4/4)
Comestibles
 c - 43 rations


   Skills:
 - Level 2.4 Dodging
 - Level 2.4 Stealth
 + Level 18.7 Spellcasting
 - Level 15.5 Conjurations
 - Level 12.3 Charms
 - Level 11.8 Transmutations
 * Level 16.0 Fire Magic
 * Level 11.7 Air Magic
 * Level 14.4 Earth Magic


You had 10 spell levels left.
You knew the following spells:

 Your Spells              Type           Power        Failure   Level  Hunger
a - Flame Tongue          Conj/Fire      #####        0%          1    None
b - Bolt of Fire          Conj/Fire      #######...   1%          6    ##.....
c - Conjure Flame         Conj/Fire      #######.     0%          3    None
d - Inner Flame           Hex/Fire       ######..     1%          3    None
e - Sticky Flame          Conj/Fire      #######.     1%          4    None
f - Fireball              Conj/Fire      #######...   1%          5    None
g - Deflect Missiles      Chrm/Air       #######...   1%          6    ##.....
h - Statue Form           Tmut/Erth      #######..    1%          6    ##.....
i - Throw Icicle          Conj/Ice       ######..     1%          4    None
q - Iron Shot             Conj/Erth      #######...   1%          6    ##.....

Your spell library contained the following spells:

 Spells                   Type           Power        Failure   Level  Hunger
 Chain Lightning          Conj/Air       #######...   8%          8    ######.
 Fire Storm               Conj/Fire      #######...   38%         9    #######
 Glaciate                 Conj/Ice       ######....   100%        9    #######
 Infusion                 Chrm           ####         0%          1    None
 Magic Dart               Conj           ####         0%          1    None
 Sandblast                Erth           ######       0%          1    None
 Passwall                 Tmut/Erth      #######.     0%          2    None
 Searing Ray              Conj           ######       0%          2    None
 Throw Flame              Conj/Fire      ######       0%          2    None
 Stone Arrow              Conj/Erth      ######       0%          3    None
 Animate Skeleton         Necr           N/A          1%          1    None
 Apportation              Tloc           ####..       1%          1    None
 Confusing Touch          Hex            ####..       1%          1    None
 Freeze                   Ice            ####         1%          1    None
 Pain                     Necr           ####         1%          1    None
 Summon Small Mammal      Summ           ####         1%          1    None
 Blink                    Tloc           N/A          1%          2    None
 Call Imp                 Summ           ####....     1%          2    None
 Shroud of Golubria       Chrm/Tloc      ######....   1%          2    None
 Slow                     Hex            ####....     1%          2    None
 Song of Slaying          Chrm           #######.     1%          2    None
 Sublimation of Blood     Necr           ####......   1%          2    None
 Throw Frost              Conj/Ice       ######       1%          2    None
 Dazzling Spray           Conj/Hex       ######       1%          3    None
 Ignite Poison            Fire/Tmut/Pois ######..     1%          3    None
 Mephitic Cloud           Conj/Pois/Air  ######..     1%          3    None
 Ozocubu's Armour         Chrm/Ice       ######..     1%          3    None
 Regeneration             Chrm/Necr      ######....   1%          3    None
 Spectral Weapon          Hex/Chrm       ######..     1%          3    None
 Static Discharge         Conj/Air       #######.     1%          3    None
 Force Lance              Conj/Tloc      ######..     1%          4    None
 Fulminant Prism          Conj/Hex       ######....   1%          4    None
 Iskenderun's Mystic Bla  Conj           #######.     1%          4    None
 Petrify                  Tmut/Erth      #######.     1%          4    None
 Summon Lightning Spire   Summ/Air       ######..     1%          4    None
 Bolt of Draining         Conj/Necr      ######....   1%          5    None
 Borgnjor's Vile Clutch   Necr/Erth      ######....   1%          5    None
 Irradiate                Conj/Tmut      #######...   1%          5    None
 Lee's Rapid Deconstruct  Erth           #######...   1%          5    None
 Lightning Bolt           Conj/Air       #######...   1%          5    None
 Conjure Ball Lightning   Conj/Air       #######...   1%          6    ##.....
 Hydra Form               Tmut           #######...   1%          6    ##.....
 Alistair's Intoxication  Tmut/Pois      ######..     2%          5    None
 Silence                  Hex/Air        ######....   2%          5    None
 Recall                   Summ/Tloc      N/A          3%          3    None
 Ignition                 Fire           #######...   3%          8    ######.
 Dragon Form              Tmut           #######...   8%          7    ####...
 Animate Dead             Necr           N/A          11%         4    None
 Summon Ice Beast         Ice/Summ       ####....     11%         4    None
 Shatter                  Erth           #######...   54%         9    #######
 Death Channel            Necr           ####......   82%         6    ##.....
 Simulacrum               Ice/Necr       ####......   82%         6    ##.....
 Tornado                  Air            #######...   85%         9    #######


Dungeon Overview and Level Annotations

Branches:
Dungeon (15/15)            Temple (1/1) D:4            Lair (6/6) D:8
 Shoals (4/4) Lair:3        Snake (4/4) Lair:3        Slime (0/5) Lair:6
    Orc (2/2) D:11            Elf (0/3) Orc:2        Vaults (0/5) D:13
 Depths (0/5) D:15

Altars:
Ashenzari
Cheibriados
Dithmenos
Elyvilon
Fedhas
Gozag
Hepliaklqana
Kikubaaqudgha
Makhleb
Nemelex Xobeh
Okawaru
Qazlal
Ru
Sif Muna
Trog
Uskayaw
Vehumet
Wu Jian
Xom
Yredelemnul
Zin
The Shining One
Beogh
Jiyva
Lugonu

Shops:
D:5 [   D:12 (!*(   D:13 *   Orc:2 =(*

Annotations:
D:5 1 runed translucent door, grocchini's ghost, novice HOFi
D:7 2 transporters, adept's ghost, novice GrMo
Lair:1 Urug
Lair:5 3 runed translucent doors, kalagan's ghost, journeyman DEEE


Innate Abilities, Weirdness & Mutations

You are clumsy. (Dex -2)


Message History

Casting: Iron Shot (safe; 1% risk of failure)
Confirm with . or Enter, or press ? or * to list all spells.
Aiming: Sticky Flame (safe; 1% risk of failure)
Press: ? - help, Shift-Dir - straight line, f - sea snake
Aim: a sea snake The sticky flame hits the sea snake!
The sea snake is lightly wounded.
The sea snake is covered in liquid flames!
The sea snake burns!
The merfolk hits you from afar with a +6 trident!
The sea snake bites you but does no damage.
You bludgeon the sea snake!!
The sea snake is heavily wounded.
The sea snake burns! x2; You block the sea snake's attack.
The sea snake bites you!
The alligator snapping turtle bites you from afar!!
* * * LOW HITPOINT WARNING * * *
The sea snake closely misses you.
The alligator snapping turtle bites you from afar!!
You die...

........##. .≈...#≈≈≈≈.....#
≈.....P..#.. .#..##≈≈≈...##≈
≈.......## ≈. .≈≈ #≈≈....#
≈.......# ≈.#?#.( #≈.....#
≈.......# ...≈.)(##≈.....#
≈.......### #≈.m#≈.....≈#
≈≈≈≈......#### #t......≈##
≈≈≈≈..."..≈.≈####S.≈≈≈≈≈≈≈##
≈≈≈≈.........(..8..≈≈≈≈≈≈..# ##
≈≈≈≈...............≈≈≈≈≈...##.##
≈≈≈≈........(......≈≈≈≈≈..(.....
≈≈≈≈≈......(......≈(≈≈≈≈........
≈≈≈≈....)†.....(..≈≈≈≈≈≈..(.....
≈≈≈≈.............≈≈≈≈≈≈((.......
≈≈≈≈≈..≈........≈≈≈)))≈.........≈
.≈≈≈≈≈........≈≈≈≈≈≈......≈≈...≈
..≈≈≈≈........≈(≈≈≈......≈≈≈≈≈≈≈


You could see an alligator snapping turtle and a sea snake (burning).

Vanquished Creatures
  4 krakens (Shoals:2)
  Polyphemus (Shoals:3)
  Kirke (D:14)
  Ilsuiw (Shoals:2)
  9 nagarajas
  An orc warlord (Orc:2)
  The ghost of Zanta616 the Basher, a journeyman FoAK of Lugonu (D:15)
  4 merfolk javelineers (Shoals:1)
  6 merfolk impalers
  Harold (Lair:1)
  7 hydras
  9 naga warriors
  5 catoblepae
  An ice dragon (D:15)
  4 merfolk avatars
  12 anacondas
  A death knight (D:12)
  8 two-headed ogres
  An ogre mage (D:13)
  3 centaur warriors
  A satyr (Shoals:4)
  3 tengu warriors
  Erica (Lair:2)
  10 death yaks
  14 naga sharpshooters
  10 shock serpents
  An orc high priest (Orc:2)
  A deep elf knight (D:13)
  5 skeletal warriors
  2 unseen horrors
  A salamander mystic (Snake:3)
  9 sea snakes
  10 naga ritualists
  Pikel (D:4)
  3 harpies (Shoals:3)
  5 orc knights
  11 ugly things
  3 orc sorcerers (Orc:2)
  3 deep elf magi
  8 oklob plants (Lair:5)
  10 fauns
  8 mana vipers
  15 cyclopes
  6 salamanders
  3 guardian serpents
  14 manticores
  A centaur zombie (D:14)
  4 merfolk sirens
  4 water nymphs
  31 black mambas
  Psyche (D:12)
  23 naga magi
  A kobold demonologist (D:12)
  11 komodo dragons
  8 spiny frogs
  3 yaktaurs
  A freezing wraith (D:14)
  5 rime drakes
  2 ice devils (D:15)
  A yaktaur (shapeshifter) (D:13)
  5 trolls
  A queen bee (Lair:1)
  A polar bear (Lair:6)
  3 wolf spider simulacra (D:15)
  4 snapping turtles
  A wind drake (Shoals:1)
  16 blink frogs
  20 merfolk
  26 dream sheep
  8 hippogriffs
  A meliai zombie (D:14)
  2 water elementals (Shoals:1)
  2 vampires
  A centaur simulacrum (D:15)
  2 shadows
  6 wyverns
  56 yaks
  A basilisk (Lair:2)
  4 hogs (D:14)
  2 vampire mosquitoes (D:12)
  3 hungry ghosts
  3 redback simulacra (D:15)
  3 wargs
  42 nagas
  13 water moccasins
  2 acid dragons
  8 porcupines
  29 orc warriors
  4 sky beasts
  3 ice beasts
  A black bear (D:7)
  6 phantoms
  6 necrophages (D:11)
  11 ogres
  8 centaurs
  17 wolves
  12 crocodiles
  3 big kobolds
  2 wyvern zombies
  20 bullfrogs
  A wyvern skeleton (D:13)
  5 scorpions
  4 troll zombies (D:11)
  22 killer bees
  5 wights (D:10)
  4 electric eels
  4 howler monkeys
  5 crimson imps
  3 bullfrog skeletons
  8 centaur skeletons
  3 bullfrog zombies
  15 hounds
  16 orc priests
  4 jellies
  A quasit (D:7)
  6 iguanas
  Crazy Yiuf (D:6)
  Natasha (twice) (D:4)
  25 orc wizards
  8 worker ants
  4 ogre zombies (D:11)
  A hound zombie (D:9)
  2 hound skeletons
  A mummy (D:11)
  A worker ant zombie (D:11)
  9 gnolls
  2 howler monkey zombies
  8 adders
  3 shadow imps
  An ooze (D:3)
  An adder zombie (D:9)
  6 worms
  2 dart slugs
  6 leopard geckos
  106 orcs
  10 giant cockroaches
  15 goblins
  13 hobgoblins
  11 jackals
  16 kobolds
  3 quokkas
  A ball python (D:3)
  7 bats
  7 frilled lizards
  3 goblin zombies (D:11)
  4 hobgoblin skeletons (D:11)
  3 hobgoblin zombies (D:11)
  A jackal skeleton (D:8)
  A leopard gecko skeleton (D:9)
  A leopard gecko zombie (D:6)
  2 orc skeletons (D:11)
  13 orc zombies (D:11)
  13 rats
  2 fungi (Lair:5)
  10 plants
  4 tentacles (Shoals:2)
1127 creatures vanquished.

Vanquished Creatures (others)
  A yaktaur captain (D:15)
  A satyr (Shoals:1)
  A naga sharpshooter (Snake:4)
  A faun (Shoals:1)
  A cyclops (Shoals:3)
  A naga mage (Snake:3)
  2 slaves (D:4)
  Blork the orc (D:4)
  An orc priest (D:4)
  Natasha (D:4)
  A leopard gecko (D:4)
  2 orcs (D:4)
  A jackal (D:11)
  15 fungi
  11 plants
  36 tentacles (Shoals:2)
  A withered plant (Gauntlet)
78 creatures vanquished.

Grand Total: 1205 creatures vanquished

Notes
Turn   | Place    | Note
-------+----------+-------------------------------------------
     0 | D:1      | SeriousVitamin the Deep Elf Fire Elementalist began the
                  | quest for the Orb.
     0 | D:1      | Reached XP level 1. HP: 10/10 MP: 6/6
   117 | D:1      | Reached XP level 2. HP: 3/15 MP: 0/8
   491 | D:1      | Reached XP level 3. HP: 19/19 MP: 2/9
   496 | D:1      | Learned a level 3 spell: Conjure Flame
   500 | D:1      | Learned a level 3 spell: Inner Flame
   674 | D:2      | Found a basalt altar of Yredelemnul.
   686 | D:2      | Found an iron altar of Okawaru.
   692 | D:2      | Found a sacrificial altar of Ru.
   694 | D:2      | Found a shimmering altar of Xom.
   694 | D:2      | Found a radiant altar of Vehumet.
   694 | D:2      | Found a hide-covered altar of Uskayaw.
   694 | D:2      | Found a glowing silver altar of Zin.
   694 | D:2      | Found an opulent altar of Gozag.
   696 | D:2      | Found a sparkling altar of Nemelex Xobeh.
   697 | D:2      | Found a stormy altar of Qazlal.
   698 | D:2      | Found a snail-covered altar of Cheibriados.
   699 | D:2      | Found a deep blue altar of Sif Muna.
   702 | D:2      | Became a worshipper of Vehumet
   860 | D:2      | Reached XP level 4. HP: 21/24 MP: 4/11
  1669 | D:3      | Reached skill level 4 in Spellcasting
  1706 | D:3      | Reached * piety under Vehumet
  1706 | D:3      | Offered knowledge of Sandblast by Vehumet.
  1706 | D:3      | Reached XP level 5. HP: 28/28 MP: 5/13
  1877 | D:3      | Reached skill level 5 in Fire Magic
  2113 | D:3      | Found a faded altar of an unknown god.
  2290 | D:3      | Offered knowledge of Searing Ray by Vehumet.
  2297 | D:3      | Reached ** piety under Vehumet
  2297 | D:3      | Reached XP level 6. HP: 17/32 MP: 1/14
  2434 | D:3      | Learned a level 4 spell: Sticky Flame
  2707 | D:4      | Noticed Natasha
  2709 | D:4      | Killed Natasha
  2763 | D:4      | Noticed Natasha
  3129 | D:4      | Noticed Pikel
  3129 | D:4      | Noticed a slave
  3129 | D:4      | Noticed a slave
  3129 | D:4      | Noticed a slave
  3130 | D:4      | Noticed a slave
  3135 | D:4      | Noticed Blork the orc
  3140 | D:4      | Killed Pikel
  3140 | D:4      | Reached skill level 5 in Spellcasting
  3140 | D:4      | Reached XP level 7. HP: 13/36 MP: 2/17
  3147 | D:4      | Killed Blork the orc
  3394 | D:4      | Killed Natasha
  3552 | D:4      | Noticed Natasha
  3561 | D:4      | Killed Natasha
  3561 | D:4      | Reached skill level 6 in Spellcasting
  3673 | D:4      | Found a staircase to the Ecumenical Temple.
  3680 | D:4      | Reached XP level 8. HP: 28/41 MP: 12/19
  3693 | Temple   | Entered the Ecumenical Temple
  4483 | D:5      | Entered Level 5 of the Dungeon
  4531 | D:5      | Offered knowledge of Dazzling Spray by Vehumet.
  4625 | D:5      | Reached *** piety under Vehumet
  4666 | D:5      | Found Rimo's Antique Armour Shop.
  4745 | D:5      | Found a hazy altar of Hepliaklqana.
  4748 | D:5      | Reached skill level 7 in Spellcasting
  4830 | D:5      | Offered knowledge of Olgreb's Toxic Radiance by Vehumet.
  5363 | D:5      | Found a runed translucent door.
  5379 | D:5      | Noticed grocchini's ghost (novice HOFi)
  5734 | D:6      | Reached XP level 9. HP: 45/45 MP: 15/22
  5851 | D:6      | Found a blossoming altar of Fedhas.
  5914 | D:6      | Found a runed translucent door.
  5915 | D:6      | Noticed Crazy Yiuf
  6142 | D:6      | Learned a level 5 spell: Fireball
  6419 | D:6      | Noticed a moth of wrath
  6427 | D:6      | Found a bloodstained altar of Trog.
  6660 | D:6      | Killed Crazy Yiuf
  6729 | D:7      | Found a transporter.
  6729 | D:7      | Noticed a komodo dragon
  6729 | D:7      | Noticed adept's ghost (novice GrMo)
  6798 | D:6      | Reached **** piety under Vehumet
  6798 | D:6      | Reached skill level 8 in Spellcasting
  6931 | D:7      | Found a shattered altar of Ashenzari.
  7051 | D:7      | Offered knowledge of Lee's Rapid Deconstruction by Vehumet.
  7083 | D:7      | Paralysed by an orc for 5 turns
  7335 | D:7      | Got a pair of heavily runed boots
  7341 | D:7      | Identified the +2 pair of boots of Autumn {Int+2} (You
                  | found it on level 7 of the Dungeon)
  7356 | D:7      | Found a transporter.
  7402 | D:7      | Reached skill level 10 in Fire Magic
  7423 | D:8      | Noticed a troll
  7430 | D:8      | Killed a troll
  7733 | D:8      | Noticed a two-headed ogre
  7741 | D:8      | Killed a two-headed ogre
  7741 | D:8      | Reached skill level 9 in Spellcasting
  7741 | D:8      | Reached skill level 10 in Conjurations
  7741 | D:8      | Reached XP level 10. HP: 38/50 MP: 15/25
  7862 | D:8      | Found a staircase to the Lair.
  8076 | D:8      | Got a twisted scimitar
  8077 | D:8      | Identified the +2 scimitar of Disarray {holy, *Drain rF++}
                  | (You found it on level 8 of the Dungeon)
  8147 | D:8      | Reached ***** piety under Vehumet
  8513 | D:9      | Got a brightly glowing chain mail
  8544 | D:9      | Offered knowledge of Venom Bolt by Vehumet.
  9102 | D:9      | Noticed a two-headed ogre
  9113 | D:9      | Killed a two-headed ogre
  9378 | D:10     | Entered Level 10 of the Dungeon
  9480 | D:10     | Noticed an unseen horror
  9487 | D:10     | Killed an unseen horror
  9487 | D:10     | Reached skill level 10 in Spellcasting
  9493 | D:10     | Identified the cursed +1 chain mail of Tuhuloph {rC+ Int+3}
                  | (You found it on level 9 of the Dungeon)
  9823 | D:10     | Noticed a two-headed ogre
  9833 | D:10     | Killed a two-headed ogre
  9833 | D:10     | Reached XP level 11. HP: 54/54 MP: 9/27
 10745 | D:11     | Offered knowledge of Lightning Bolt by Vehumet.
 11168 | D:11     | Noticed a two-headed ogre
 11192 | D:11     | Killed a two-headed ogre
 11299 | D:11     | Reached skill level 11 in Spellcasting
 11305 | D:11     | Learned a level 4 spell: Throw Icicle
 12389 | D:11     | Found a staircase to the Orcish Mines.
 12568 | D:11     | Noticed a tengu warrior
 12574 | D:11     | Killed a tengu warrior
 12705 | D:12     | Found Iheiq's Weapon Emporium.
 12806 | D:12     | Found Kytsaps's Weapon Shoppe.
 12943 | D:12     | Noticed a white ugly thing
 13014 | D:12     | Noticed Psyche
 13241 | D:12     | Found Nugerof's Assorted Antiques.
 13249 | D:12     | Bought a scroll of identify for 62 gold pieces
 13319 | D:12     | Noticed a cyan ugly thing
 13337 | D:12     | Offered knowledge of Poison Arrow by Vehumet.
 13387 | D:12     | Noticed a death knight
 13512 | Lair:1   | Entered Level 1 of the Lair of Beasts
 13528 | Lair:1   | Noticed Urug
 13634 | Lair:1   | Reached XP level 12. HP: 55/59 MP: 22/29
 14524 | Lair:1   | Noticed Harold
 14571 | Lair:1   | Reached skill level 12 in Spellcasting
 14653 | Lair:1   | Killed Harold
 15999 | Lair:2   | Noticed an eight-headed hydra
 16000 | Lair:2   | Noticed Erica
 16002 | Lair:2   | Killed Erica
 16003 | Lair:2   | Killed an eight-headed hydra
 16450 | Lair:2   | Noticed a four-headed hydra
 16454 | Lair:2   | Killed a four-headed hydra
 17188 | Lair:3   | Reached XP level 13. HP: 53/63 MP: 5/31
 17277 | Lair:3   | Reached skill level 15 in Fire Magic
 17514 | Lair:3   | Reached skill level 13 in Spellcasting
 17583 | Lair:3   | Found a staircase to the Shoals.
 17974 | Lair:3   | Found a staircase to the Snake Pit.
 17983 | Lair:3   | Offered knowledge of Iron Shot by Vehumet.
 18504 | Lair:3   | Reached skill level 15 in Conjurations
 18631 | Lair:4   | Found a gate leading to a gauntlet.
 18640 | Gauntlet | Entered a Gauntlet
 18640 | Gauntlet | Found a transporter.
 18640 | Gauntlet | Found a transporter.
 18648 | Gauntlet | Found a transporter.
 18652 | Gauntlet | Found a transporter.
 18660 | Gauntlet | Found a transporter.
 18664 | Gauntlet | Found a transporter.
 18672 | Gauntlet | Found a transporter.
 18686 | Gauntlet | Noticed a blizzard demon
 18688 | Gauntlet | Found a transporter.
 18692 | Gauntlet | Found a transporter.
 18722 | Gauntlet | Found a transporter.
 18730 | Gauntlet | Found a transporter.
 18734 | Gauntlet | Found a transporter.
 19539 | Lair:4   | Learned a level 6 spell: Iron Shot
 19582 | Lair:4   | Reached skill level 1 in Earth Magic
 20525 | Lair:5   | Learned a level 6 spell: Statue Form
 20859 | Lair:5   | Reached skill level 1 in Transmutations
 21096 | Lair:5   | Found a runed translucent gate.
 21096 | Lair:5   | Found a runed translucent gate.
 21096 | Lair:5   | Found a runed translucent gate.
 21096 | Lair:5   | Noticed kalagan's ghost (journeyman DEEE)
 21571 | Lair:5   | Identified Jeskuowe's Catalogue of Congealing Evil Arts
 21972 | Lair:5   | Reached skill level 14 in Spellcasting
 22113 | Lair:5   | Reached skill level 5 in Earth Magic
 22382 | Lair:5   | Got a jewelled mace
 22384 | Lair:5   | Identified the +8 mace "Besumech" {crush, +Rage MR+ Int+3}
                  | (You found it on level 5 of the Lair of Beasts)
 22398 | Lair:6   | Entered Level 6 of the Lair of Beasts
 22651 | Lair:6   | Offered knowledge of Bolt of Fire by Vehumet.
 22679 | Lair:5   | Learned a level 6 spell: Bolt of Fire
 22838 | Lair:6   | Reached XP level 14. HP: 68/68 MP: 16/34
 23042 | Lair:6   | Found a dark tunnel.
 23136 | Lair:6   | Reached skill level 5 in Transmutations
 24001 | Lair:6   | Gained mutation: You are clumsy. (Dex -2) [mutagenic glow]
 24599 | Lair:6   | Found a viscous altar of Jiyva.
 24599 | Lair:6   | Found a staircase to the Slime Pits.
 25016 | Orc:1    | Entered Level 1 of the Orcish Mines
 25051 | Orc:1    | Offered knowledge of Freezing Cloud by Vehumet.
 25140 | Orc:2    | Entered Level 2 of the Orcish Mines
 25214 | Orc:2    | Found a roughly hewn altar of Beogh.
 25231 | Orc:2    | Found a staircase to the Elven Halls.
 25806 | Orc:2    | Noticed an orc warlord
 25812 | Orc:2    | Killed an orc warlord
 25820 | Orc:2    | Found a roughly hewn altar of Beogh.
 25831 | Orc:2    | Reached skill level 15 in Spellcasting
 25846 | Orc:2    | Found Qurudaus's Antique Armour Shoppe.
 25959 | Orc:2    | Found Ruadot's General Store.
 26021 | Orc:2    | Found Isazom's Antique Weapon Shoppe.
 26037 | Orc:2    | Found Vonasycs's Jewellery Shoppe.
 26744 | Orc:1    | Offered knowledge of Ozocubu's Refrigeration by Vehumet.
 27189 | D:12     | Got a faintly glowing hand axe
 27196 | D:12     | Found Seqo's Distillery.
 27199 | D:12     | Bought a potion of heal wounds for 70 gold pieces
 27199 | D:12     | Bought a potion of curing for 42 gold pieces
 27888 | D:12     | Killed Psyche
 28338 | D:13     | Reached XP level 15. HP: 55/72 MP: 32/36
 28476 | D:13     | Reached skill level 10 in Earth Magic
 29139 | D:13     | Found a gate to the Vaults.
 29191 | D:13     | Reached skill level 10 in Transmutations
 29214 | D:13     | You fall through a shaft!
 29683 | D:14     | Found an opulent altar of Gozag.
 30108 | D:14     | Noticed Kirke
 30114 | D:14     | Killed Kirke
 30451 | D:13     | Found Voxzial's General Store.
 30640 | D:15     | Entered Level 15 of the Dungeon
 31459 | D:15     | Identified the +8 hand axe of Dishonesty {flame, *Corrode
                  | rPois rN+++} (You found it on level 12 of the Dungeon)
 31475 | D:15     | Reached skill level 16 in Spellcasting
 31606 | D:15     | Found a sacrificial altar of Ru.
 32192 | D:15     | Found a runed translucent gate.
 32192 | D:15     | Found a runed translucent gate.
 32192 | D:15     | Found a runed translucent gate.
 32304 | D:15     | Found a staircase to the Depths.
 32736 | D:15     | Noticed Zanta616's ghost (journeyman FoAK)
 32770 | D:15     | Killed Zanta616's ghost
 33662 | Shoals:1 | Entered Level 1 of the Shoals
 33692 | Snake:1  | Entered Level 1 of the Snake Pit
 33818 | Snake:1  | Found a bloodstained altar of Trog.
 33913 | Snake:1  | Learned a level 6 spell: Deflect Missiles
 34022 | Snake:1  | Reached skill level 1 in Charms
 34095 | Snake:1  | Reached skill level 1 in Air Magic
 34916 | Snake:2  | Reached XP level 16. HP: 76/76 MP: 14/38
 35404 | Snake:2  | Identified the ring of Utooduf {+Blink rF+ MR- Stlth+}
 35665 | Snake:2  | Reached skill level 5 in Charms
 36412 | Snake:2  | Reached skill level 5 in Air Magic
 37816 | Snake:3  | Got an agate-encrusted ring mail
 38185 | Snake:3  | Reached skill level 17 in Spellcasting
 38198 | Snake:3  | Reached ****** piety under Vehumet
 38922 | Snake:4  | Entered Level 4 of the Snake Pit
 39070 | Snake:4  | Identified the +1 ring mail of the Fife {Regen+} (You found
                  | it on level 3 of the Snake Pit)
 39191 | Snake:4  | Reached skill level 10 in Charms
 39886 | Snake:4  | Reached XP level 17. HP: 51/80 MP: 22/40
 40058 | Snake:4  | HP: 4/104 [naga warrior/+0 trident (12)]
 41080 | Snake:4  | Got a serpentine rune of Zot
 41852 | Shoals:1 | Reached skill level 18 in Spellcasting
 41998 | Shoals:1 | Reached skill level 10 in Air Magic
 42912 | Shoals:2 | Noticed a kraken
 42912 | Shoals:2 | Noticed a kraken
 42912 | Shoals:2 | Noticed a kraken
 42912 | Shoals:2 | Noticed a kraken
 42952 | Shoals:2 | Noticed Ilsuiw
 43203 | Shoals:2 | Killed Ilsuiw
 43561 | Shoals:2 | Killed a kraken
 43685 | Shoals:2 | Killed a kraken
 43700 | Shoals:2 | Killed a kraken
 43742 | Shoals:2 | Got a warped silver amulet
 43743 | Shoals:2 | Identified the amulet "Gedwoff" {Acrobat rC+ Str+4} (You
                  | found it on level 2 of the Shoals)
 43832 | Shoals:2 | Killed a kraken
 44049 | Shoals:2 | Reached XP level 18. HP: 85/85 MP: 27/42
 44120 | Shoals:3 | Offered knowledge of Fire Storm by Vehumet.
 44120 | Shoals:3 | Offered knowledge of Glaciate by Vehumet.
 44120 | Shoals:3 | Offered knowledge of Chain Lightning by Vehumet.
 44264 | Shoals:3 | Noticed Polyphemus
 44281 | Shoals:3 | Killed Polyphemus
 44974 | Shoals:4 | Entered Level 4 of the Shoals
 45138 | Shoals:4 | Slain by an alligator snapping turtle

Skill      XL: |  1  2  3  4  5  6  7  8  9 10 11 12 13 14 15 16 17 18 |
---------------+-------------------------------------------------------+-----
Conjurations   | 2 3 4 6 8 10 11 13 14 15 | 15.5
Fire Magic     | 4 5 6 7 8 10 12 13 14 15 16 | 16.0
Spellcasting   | 4 5 6 7 9 10 11 12 14 15 16 17 18 | 18.7
Earth Magic    | 5 9 12 13 14 | 14.4
Transmutations | 4 9 11 | 11.8
Charms         | 3 11 12 | 12.3
Air Magic      | 2 8 11 | 11.7
Dodging        | |  2.4
Stealth        | |  2.4

Action                   |  1- 3 |  4- 6 |  7- 9 | 10-12 | 13-15 | 16-18 || total
-------------------------+-------+-------+-------+-------+-------+-------++-------
Melee: Unarmed           |     1 |       |       |       |       |       ||     1
       Dagger            |       |    12 |    16 |    27 |    26 |       ||    81
       Quarterstaff      |       |       |     6 |    42 |       |       ||    48
       Mace              |       |       |       |       |    96 |   207 ||   303
 Cast: Flame Tongue      |    54 |   122 |   249 |   490 |   377 |    60 ||  1352
       Conjure Flame     |       |     4 |     4 |    25 |    13 |     4 ||    50
       Inner Flame       |       |     2 |       |     3 |       |       ||     5
       Sticky Flame      |       |     2 |    21 |    74 |   104 |    81 ||   282
       Fireball          |       |       |     4 |    20 |    72 |    41 ||   137
       Throw Icicle      |       |       |       |    81 |    45 |    29 ||   155
       Iron Shot         |       |       |       |       |   104 |   131 ||   235
       Bolt of Fire      |       |       |       |       |    82 |    84 ||   166
       Statue Form       |       |       |       |       |     6 |    49 ||    55
       Deflect Missiles  |       |       |       |       |       |     8 ||     8
  Use: Scroll            |       |     6 |     2 |    11 |    17 |    17 ||    53
       Potion            |       |       |       |       |     6 |     7 ||    13
 Stab: Sleeping          |       |     2 |     1 |     3 |     2 |       ||     8
       Paralysed         |       |       |       |     3 |       |       ||     3
       Distracted        |       |       |       |     2 |       |       ||     2
  Eat: Chunk             |       |     7 |    17 |    28 |    43 |    13 ||   108
       Ration            |       |       |       |     1 |    11 |    12 ||    24
Armor: Robe              |     8 |    16 |    33 |    65 |   122 |    16 ||   260
       Skin              |       |       |       |     9 |    37 |   452 ||   498
       Chain mail        |       |       |       |     5 |       |       ||     5
Dodge: Dodged            |    43 |    38 |    76 |   223 |   259 |   387 ||  1026
       Deflected         |       |       |       |       |       |   110 ||   110
Block: Buckler           |       |       |       |    13 |    68 |   303 ||   384
       Reflection        |       |       |       |       |     8 |    57 ||    65
